 Dungeon Crawl Stone Soup version 0.29.1-1-gd02db6906a (webtiles) character file.

Game seed: 6140023760319383654

62 karrick the Covered (level 4, 0/28 HPs)
             Began as a Gargoyle Fighter on Sept 28, 2022.
             Slain by Sigmund
             ... wielding a +0 scythe
              (10 damage)
             ... on level 2 of the Dungeon.
             The game lasted 00:02:06 (1827 turns).

karrick the Covered (Gargoyle Fighter)              Turns: 1827, Time: 00:02:06

Health: 0/28       AC: 10    Str: 19    XL:     4   Next: 8%
Magic:  4/4        EV:  9    Int:  9    God:
Gold:   83         SH:  4    Dex: 11    Spells: 3/3 levels left

rFire   . . .      SeeInvis .   a - +0 flail
rCold   . . .      Faith    .   c - +0 buckler
rNeg    + . .      Spirit   .   b - +0 scale mail
rPois   ∞          Reflect  .   (no helmet)
rElec   +          Harm     .   (no cloak)
rCorr   .          Rampage  .   (no gloves)
Will    .....                   (no boots)
Stlth   ..........              (no amulet)
HPRegen 0.09/turn               (no ring)
MPRegen 0.09/turn               (no ring)

@: mighty
A: sickness immunity, AC +3, negative energy resistance 1, electricity
resistance, torment resistance 1, petrification resistance
a: no special abilities


You were on level 2 of the Dungeon.
You visited 1 branch of the dungeon, and saw 2 of its levels.

You collected 83 gold pieces.

Inventory:

Hand Weapons
 a - a +0 flail (weapon)
Missiles
 e - 4 silver javelins (quivered)
Armour
 b - a +0 scale mail (worn)
 c - a +0 buckler (worn)
Jewellery
 l - an amulet of faith
Scrolls
 g - a scroll of immolation {unknown}
 h - 2 scrolls of magic mapping {unknown}
 k - 2 scrolls of identify {unknown}
Potions
 f - 2 potions of heal wounds {unknown}
 i - a potion of magic {unknown}
 j - a potion of curing {unknown}


   Skills:
 + Level 3.6 Fighting
 + Level 2.9 Maces & Flails
 + Level 4.0 Armour
 + Level 0.3 Stealth
 + Level 3.7 Shields


You had 3 spell levels left.
You didn't know any spells.
Your spell library contained the following spells:

 Spells                   Type           Power      Damage    Failure   Level
 Ozocubu's Armour         Ice            0%         N/A       99%         3
 Metabolic Englaciation   Hex/Ice        0%         N/A       100%        5
 Simulacrum               Ice/Necr       0%         N/A       100%        6


Dungeon Overview and Level Annotations

Branches:
Dungeon (2/15)

Altars:

Annotations:
D:2 Sigmund


Innate Abilities, Weirdness & Mutations

You are immune to sickness and miasma.
Your stone body is resilient. (AC +3)
You are immune to poison.
You resist negative energy. (rN+)
You are resistant to electric shocks. (rElec)
You are resistant to unholy torment.
You are immune to petrification.


Message History

You barely miss Sigmund.
Sigmund is heavily wounded.
Sigmund hits you with a +0 scythe.
You closely miss Sigmund.
Sigmund is heavily wounded.
You closely miss Sigmund.
Sigmund is heavily wounded.
Sigmund barely misses you.
You sock Sigmund!
Sigmund is almost dead.
Sigmund hits you with a +0 scythe.
You closely miss Sigmund.
Sigmund is almost dead.
You block Sigmund's attack.
You barely miss Sigmund.
Sigmund is almost dead.
Sigmund casts a spell at you.
The puff of flame hits you but does no damage.
You barely miss Sigmund.
Sigmund is almost dead.
Sigmund hits you with a +0 scythe!
You barely miss Sigmund.
Sigmund is almost dead.
You block Sigmund's attack.
You closely miss Sigmund.
Sigmund is almost dead.
Sigmund hits you but does no damage.
You hit Sigmund.
Sigmund is almost dead.
You barely miss Sigmund.
Sigmund is almost dead.
Sigmund whispers, "You'll know eternity soon."
Sigmund mumbles some strange words.
Sigmund flickers and vanishes!
Deactivating autopickup; reactivate with Ctrl-A.
You barely miss something.
You hear some strange, mumbled words.
A puff of flame appears from out of thin air!
The puff of flame hits you. Something hits you!
You die...

...........##.# #..
###.####.#.##.# ##.
#.......#.# #.
#.##......# #.
##.####..### #.
#######........# #.
#.....#..##.#..#######.
#....{#..##.#..........
#.....@................
#.....#.###.#.#........
#.....#........######..
########.##.##.# #..
.##.# .# #.. .# #.. .#
#.. .. . #.. ... ##.


There were no monsters in sight!

Vanquished Creatures
  2 adders (D:2)
  2 dart slugs (D:1)
  2 bats (D:1)
  2 endoplasms
  2 giant cockroaches (D:1)
  5 goblins
  7 hobgoblins
  2 jackals (D:1)
  3 quokkas (D:1)
  4 ball pythons
  4 rats
35 creatures vanquished.

Notes
Turn   | Place    | Note
-------+----------+-------------------------------------------
     0 | D:1      | karrick the Gargoyle Fighter began the quest for the Orb.
     0 | D:1      | Reached XP level 1. HP: 14/14 MP: 1/1
    99 | D:1      | Reached XP level 2. HP: 19/19 MP: 2/2
   940 | D:1      | Reached XP level 3. HP: 20/23 MP: 3/3
  1639 | D:2      | Found a faded altar of an unknown god.
  1738 | D:2      | Reached skill level 4 in Armour
  1738 | D:2      | Reached XP level 4. HP: 28/28 MP: 4/4
  1810 | D:2      | Noticed Sigmund
  1827 | D:2      | Slain by Sigmund

Illustrated notes

Levels and vault maps discovered:
D:1:      roderic_dead_forest, layout_loops_ring, serial_forest,
          infiniplex_forest_straight_3, infiniplex_forest_clump_large,
          infiniplex_forest_straight_4, infiniplex_forest_lined_ring,
          infiniplex_forest_lined_room_2
D:2:      layout_loops_cross, chequers_ecumenical_altar_twisty, st_stairs_13,
          uniq_sigmund

Skill      XL: |  1  2  3 |
---------------+----------+-----
Armour         | 4 |  4.0
Fighting       | |  3.6
Maces & Flails | |  2.9
Stealth        | |  0.3
Shields        | |  3.7

Action                   |  1- 3 |  4- 6 || total
-------------------------+-------+-------++-------
Melee: Flail             |   132 |    14 ||   146
  Use: Potion            |       |     1 ||     1
Armor: Scale mail        |    78 |     3 ||    81
Dodge: Dodged            |    65 |     3 ||    68
Block: Buckler           |    31 |     3 ||    34
